 Dungeon Crawl Stone Soup version 0.17.0-24-gcfadda4 (console) character file.

104 jw the Cutter (level 4, -2/31 HPs)
             Began as an Octopode Berserker on Nov 17, 2015.
             Was a Believer of Trog.
             Slain by Natasha (7 damage)
             ... on level 2 of the Dungeon.
             The game lasted 00:05:51 (2460 turns).

jw the Cutter (Octopode Berserker)                  Turns: 2460, Time: 00:05:51

Health: -2/31      AC:  1    Str: 14 (16) XL:     4   Next: 80%
Magic:  4/4        EV: 12    Int:  9      God:    Trog [**....]
Gold:   122        SH:  3    Dex: 12      Spells: 0 memorised, 3 levels left

rFire  . . .     SeeInvis .     a - +0 short sword
rCold  . . .     Clarity  +     j - +0 buckler
rNeg   + . .     SustAt   .     (helmet restricted)
rPois  .         Gourm    .     g - amulet of clarity
rElec  .         Spirit   .     e - ring of positive energy
rCorr  .         Warding  .     (no ring)
rMut   .         Stasis   .     (no ring)
MR     ++...                    (no ring)
Stlth  +++.......               (no ring)
                                (no ring)
                                (no ring)
                                (no ring)

@: regenerating, very resistant to hostile enchantments, fairly stealthy
A: almost no armour, amphibious, 8 rings, constrict 8, camouflage 1, gelatinous
body 1
a: Berserk, Trog's Hand, Burn Spellbooks, Renounce Religion


You were on level 2 of the Dungeon.
You worshipped Trog.
Trog was pleased with you.
You were not hungry.

You visited 1 branch of the dungeon, and saw 2 of its levels.

You collected 122 gold pieces.

Inventory:

Hand Weapons
 a - a +0 short sword (weapon)
Missiles
 d - 68 stones (quivered)
 h - 11 poisoned needles
Armour
 j - a +0 buckler (worn)
Jewellery
 e - a ring of positive energy (left tentacle)
 g - an amulet of clarity (around mantle)
Scrolls
 f - a scroll of identify
 k - a scroll of fear {unknown}
 l - 2 scrolls of remove curse {unknown}
Potions
 c - a potion of haste {unknown}
Comestibles
 b - a bread ration
 i - a beef jerky
 m - a meat ration


   Skills:
 + Level 3.3 Fighting
 * Level 3.6 Short Blades
 + Level 1.2 Throwing
 + Level 3.5 Dodging
 * Level 3.2 Stealth
 + Level 0.4 Shields


You had 3 spell levels left.
You didn't know any spells.

Dungeon Overview and Level Annotations

Branches:
Dungeon (2/15)

Altars:
Makhleb

Annotations:
D:2 Natasha


Innate Abilities, Weirdness & Mutations

You cannot wear most types of armour.
You are amphibious.
You can wear up to eight rings at the same time.
You can use your tentacles to constrict eight enemies at once.
Your skin changes colour to match your surroundings (Stealth).
Your rubbery body absorbs attacks (AC +1).


Message History

You closely miss the white imp. You grab the white imp.
The white imp is lightly wounded.
You constrict the white imp, but do no damage.
The white imp hits you. The white imp freezes you.
The kobold completely misses you. Natasha casts a spell at you.
The magic dart hits you!
ATTACK MOVE TO (-1,-1)
You hit the white imp.
The white imp is severely wounded.
You constrict the white imp. The white imp hits you. The white imp freezes you.
The kobold barely misses you. The kobold hits you with a dagger.
Natasha misses you.
An adder comes into view.
Your skin crawls.
You feel resistant to hostile enchantments.
You feel slightly more hungry.
You constrict the white imp. The white imp barely misses you.
The kobold closely misses you. The kobold hits you with a dagger.
Natasha claws you!
You die...

#.# #.# #.# #######
#####.# #.....##
#.....###.##...##
####.......#.##....#
#..........#.##....##
#..5.(..(..#.##.....#
#..hx.##.###.##..#..#
......KKK...........##..
#.##.....##.....#...###.
#.....########....###
........ .........<##
.......... ............
.###.S..... #####..#.###
#.......# ####.....#
#........##


You could see Natasha, an adder (wandering), a white imp and 3 kobolds.

Table legend:
 A = Turns spent in this place as a percentage of turns spent in the entire game.
 B = Non-inter-level travel turns spent in this place as a percentage of non-inter-level travel turns spent in the entire game.
 C = Inter-level travel turns spent in this place as a percentage of turns spent in this place.
 D = Turns resting spent in this place as a percentage of non-inter-level travel turns spent in this place.
 E = Turns spent auto-exploring this place as a percentage of non-inter-level travel turns spent in this place.
 F = Non-inter-level travel turns spent in this place divided by the number of levels of this place that you've seen.
                   A       B       C       D       E      F
               +-------+-------+-------+-------+-------+----------------------
         Total | 100.0 | 100.0 |   0.4 |   1.8 |   2.6 | 1405.0
       Dungeon | 100.0 | 100.0 |   0.4 |   1.8 |   2.6 | 1405.0
               +-------+-------+-------+-------+-------+----------------------

Table legend:
 A = Kills in this place as a percentage of kills in entire the game.
 B = Kills by you in this place as a percentage of kills by you in the entire game.
 C = Kills by friends in this place as a percentage of kills by friends in the entire game.
 D = Other kills in this place as a percentage of other kills in the entire game.
 E = Experience gained in this place as a percentage of experience gained in the entire game.
 F = Experience gained in this place divided by the number of levels of this place that you have seen.
                   A       B       C       D       E      F
               +-------+-------+-------+-------+-------+----------------------
         Total | 100.0 | 100.0 |  -nan |  -nan | 100.0 |  74.5
       Dungeon | 100.0 | 100.0 |  -nan |  -nan | 100.0 |  74.5
               +-------+-------+-------+-------+-------+----------------------

Vanquished Creatures
  A hound (D:2)
  Natasha (D:2)
  An ooze (D:1)
  A worm (D:2)
  A giant gecko (D:1)
  6 hobgoblins
  4 jackals (D:1)
  9 kobolds
  A quokka (D:2)
  3 bats (D:1)
  A giant cockroach (D:1)
  2 giant newts (D:1)
  3 goblins (D:1)
  5 rats (D:1)
39 creatures vanquished.

Notes
Turn   | Place    | Note
--------------------------------------------------------------
     0 | D:1      | jw the Octopode Berserker began the quest for the Orb.
     0 | D:1      | Reached XP level 1. HP: 16/16 MP: 1/1
   147 | D:1      | Reached skill level 1 in Stealth
   264 | D:1      | Reached XP level 2. HP: 14/21 MP: 2/2
   622 | D:1      | Reached ** piety under Trog
   654 | D:1      | Reached XP level 3. HP: 6/26 MP: 3/3
  2022 | D:2      | Noticed Natasha
  2027 | D:2      | Killed Natasha
  2027 | D:2      | Reached XP level 4. HP: 23/31 MP: 4/4
  2181 | D:2      | Found a burning altar of Makhleb.
  2186 | D:2      | Reached skill level 1 in Throwing
  2453 | D:2      | Noticed Natasha
  2460 | D:2      | Slain by Natasha

Action                   |  1- 3 |  4- 6 || total
-------------------------+-------+-------++-------
Melee: Short sword       |    82 |    17 ||    99
Throw: Stone             |    53 |     7 ||    60
Invok: Berserk           |     1 |       ||     1
       Trog's Hand       |       |     1 ||     1
  Use: Potion            |     3 |       ||     3
       Scroll            |     2 |       ||     2
 Stab: Sleeping          |     2 |     2 ||     4
  Eat: Chunk             |     4 |     2 ||     6

Vault maps used:
D:1:      dpeg_arrival_rhombi, st_stairs_3
D:2:      minmay_door_path, makhleb_blood_cavern_becter, uniq_natasha
